 Dungeon Crawl Stone Soup version 0.31-a0-441-g867994ef1c (webtiles) character file.

Game seed: 1203133851913793315

128 randomguy2701 the Gusty (level 5, -5/28 HPs)
             Began as a Tengu Air Elementalist on Aug 2, 2023.
             Was a Follower of Okawaru.
             Killed by divine providence
             ... invoked by an orc priest
              (12 damage)
             ... on level 4 of the Dungeon.
             The game lasted 00:06:21 (4373 turns).

randomguy2701 the Gusty (Tengu Air Elementalist)    Turns: 4373, Time: 00:06:22

Health: -5/28      AC:  2    Str:  8    XL:     5   Next: 12%
Magic:  5/11       EV: 15    Int: 18    God:    Okawaru [*.....]
Gold:   174        SH:  0    Dex: 14    Spells: 9/10 levels left

rFire   . . .        (no weapon)
rCold   . . .        (no shield)
rNeg    . . .        a - +0 robe
rPois   .            (helmet restricted)
rElec   .            (no cloak)
rCorr   .            (no gloves)
SInv    .            (boots unavailable)
Will    .....        (no amulet)
Stlth   ++           (no ring)
HPRegen 0.24/turn    (no ring)
MPRegen 0.12/turn

%: no passive effects
@: flying quickly and evasively, quick
A: beak, talons 3, nimble flight
a: Renounce Religion, Heroism


You were on level 4 of the Dungeon.
You worshipped Okawaru.
Okawaru was aware of your devotion.
You visited 1 branch of the dungeon, and saw 4 of its levels.

You collected 174 gold pieces.

Inventory:

Armour
 a - a +0 robe (worn)
Jewellery
 c - a +6 ring of strength
 k - a ring of positive energy
 l - a ring of ice
 n - an amulet of reflection
Scrolls
 f - 2 scrolls of revelation {unknown}
 j - 2 scrolls of identify {unknown}
 o - a scroll of blinking {unknown}
 p - a scroll of noise {unknown}
 q - a scroll of fog {unknown}
 s - a scroll of summoning {unknown}
 t - a scroll of teleportation {unknown}
 u - a scroll of amnesia {unknown}
Potions
 b - a potion of magic
 d - 3 potions of heal wounds
 e - a potion of curing {unknown}
 g - a potion of might {unknown}
 h - 2 potions of lignification {unknown}
 i - 2 potions of brilliance {unknown}
 m - a potion of resistance {unknown}
 r - a potion of cancellation {unknown}


   Skills:
 + Level 2.3 Dodging
 + Level 2.4 Stealth
 + Level 3.3 Spellcasting
 - Level 1.4 Conjurations
 + Level 5.9 Air Magic


You had 9 spell levels left.
You knew the following spells:

 Your Spells              Type           Power      Damage    Failure   Level
a - Shock                 Conj/Air       64%        1d7       3%          1

Your spell library contained the following spells:

 Spells                   Type           Power      Damage    Failure   Level
 Swiftness                Air            24%        N/A       4%          3
 Static Discharge         Conj/Air       32%        2-4/arc   5%          2
 Airstrike                Air            12%        2d(2-18)  14%         4
 Freeze                   Ice            12%        1d3       16%         1
 Ensorcelled Hibernation  Hex/Ice        6%         N/A       24%         2
 Passwall                 Tmut/Erth      2%         N/A       24%         2
 Hailstorm                Conj/Ice       5%         3d4       34%         3
 Frozen Ramparts          Ice            6%         1d1       43%         3
 Gell's Gravitas          Tloc           3%         N/A       43%         3
 Teleport Other           Tloc           3%         N/A       43%         3
 Dispersal                Tloc           1%         N/A       100%        6


Dungeon Overview and Level Annotations

Branches:
Dungeon (4/15)             Temple (0/1) D:4

Altars:
Okawaru


Innate Abilities, Weirdness & Mutations

You have a beak for a mouth.
You have claws for feet.
Your magical nature lets you fly swiftly and evasively.


Message History

Confirm with . or Enter, or press ? or * to list all spells.
Aiming: Shock (safe; 3% risk of failure)
Press: ? - help, Shift-Dir - straight line, f - gnoll
Aim: a gnoll, wielding a +0 flail (75% to hit)
The zap hits the orc!
You kill the orc!
Okawaru accepts your kill.
The zap hits the gnoll.
The gnoll is lightly wounded.
The zap hits the gnoll.
The gnoll is moderately wounded.
The zap hits the gnoll.
The gnoll is moderately wounded.
There is a stone staircase leading up here.
Casting: Shock (safe; 3% risk of failure)
Confirm with . or Enter, or press ? or * to list all spells.
Aiming: Shock (safe; 3% risk of failure)
Press: ? - help, Shift-Dir - straight line, f/p - gnoll
Aim: a gnoll, wielding a +0 flail (moderately wounded, 75% to hit)
The zap hits the gnoll.
The gnoll is heavily wounded.
The zap hits the orc priest.
The orc priest is almost dead.
The zap hits something.
The zap hits the gnoll.
The gnoll is heavily wounded.
You hear a shout!
Casting: Shock (safe; 3% risk of failure)
Confirm with . or Enter, or press ? or * to list all spells.
Aiming: Shock (safe; 3% risk of failure)
Press: ? - help, Shift-Dir - straight line, f/p - gnoll
Aim: a gnoll, wielding a +0 flail (heavily wounded, 75% to hit)
The zap hits the gnoll.
The gnoll is severely wounded.
The zap misses the orc priest.
The zap hits something.
The zap hits the gnoll.
The gnoll is severely wounded.
The gnoll hits you from afar with a +1 heavy spear!
* * * LOW HITPOINT WARNING * * *
The orc priest mumbles some strange prayers to Beogh against you.
Beogh smites you!
You die...

## .. #. #.##
..# #.####.#
#.....@#
#####.## #g#
#.# #o######..
#.g...<...
#..###### #◎.#
#.#####.o####.#


You could see an orc priest and a gnoll.

Vanquished Creatures
  4 adders
  A worm (D:2)
  5 dart slugs
  2 orcs
  7 endoplasms
  A giant cockroach (D:2)
  5 hobgoblins
  12 jackals
  4 quokkas
  4 ball pythons
  4 bats
  7 frilled lizards
  6 goblins
  5 kobolds
  7 rats
74 creatures vanquished.

Notes
Turn   | Place    | Note
-------+----------+-------------------------------------------
     0 | D:1      | randomguy2701 the Tengu Air Elementalist began the quest
                  | for the Orb.
     0 | D:1      | Reached XP level 1. HP: 10/10 MP: 4/4
   228 | D:1      | Reached XP level 2. HP: 13/15 MP: 0/6
   696 | D:1      | Reached skill level 5 in Air Magic
   837 | D:1      | Reached XP level 3. HP: 19/19 MP: 2/7
  1812 | D:1      | Reached XP level 4. HP: 2/24 MP: 0/9
  2095 | D:2      | Identified the +5 mace "Ulogoone" {venom, Fly rCorr MP+9}
  2717 | D:2      | Found a faded altar of an unknown god.
  2895 | D:2      | Prayed at the altar of an unknown god.
  2895 | D:2      | Became a worshipper of Warmaster Okawaru
  2895 | D:2      | Reached * piety under Okawaru
  3875 | D:3      | Gained mutation: Your magical nature lets you fly swiftly
                  | and evasively. [Tengu growth]
  3875 | D:3      | Reached XP level 5. HP: 28/28 MP: 2/10
  4354 | D:4      | Found a staircase to the Ecumenical Temple.
  4373 | D:4      | Killed from afar by an orc priest

Illustrated notes

Levels and vault maps discovered:
D:1:      giann_bridges, layout_loops_corners, minivault_14, minmay_domino_2
D:2:      layout_basic, shapermc_ecumenical_altar_hornbeckon, minmay_ruptured
D:3:      layout_basic, serial_glass, glass_columns_a, glass_columns_a,
          glass_columns_a, glass_columns_b, glass_columns_c, glass_columns_b,
          nicolae_houndstooth_variations
D:4:      kennysheep_big_flooded_room, layout_basic,
          minmay_temple_entry_statues_fountains, corexii_hall_statues_i

Skill      XL: |  1  2  3  4 |
---------------+-------------+-----
Air Magic      | 5 |  5.9
Spellcasting   | 3 |  3.3
Dodging        | |  2.3
Stealth        | |  2.4
Conjurations   | |  1.4

Action                     |  1- 3 |  4- 6 || total
---------------------------+-------+-------++-------
  Melee: Unarmed           |     4 |       ||     4
         Kick              |     2 |       ||     2
   Cast: Shock             |    78 |    98 ||   176
    Use: Potion            |       |     1 ||     1
 Armour: Robe              |     7 |     4 ||    11
  Dodge: Dodged            |    27 |    19 ||    46

Table legend: (Time is in decaauts)
 A = Elapsed time spent in this place.
 B = Non-inter-level travel time spent in this place.
 C = Inter-level travel time spent in this place.
 D = Time resting spent in this place.
 E = Time spent auto-exploring this place.
 F = Levels seen in this place.
 G = Mean time per level.
                   A        B        C        D        E       F      G
               +--------+--------+--------+--------+--------+-----+--------+
         Total |   4356 |   4157 |    199 |      0 |   3740 |   4 | 1089.0 |
       Dungeon |   4356 |   4157 |    199 |      0 |   3740 |   4 | 1089.0 |
               +--------+--------+--------+--------+--------+-----+--------+

Top non-repeatable levels by time:
     D:1: 1514 daAuts
     D:2: 1428 daAuts
     D:3: 1353 daAuts
     D:4: 59 daAuts
